 Dungeon Sprint DCSS version 0.30-a0-360-g447f08457e (webtiles) character file.

Game seed: 7340270280734740857

2569 Pestilence the Fighter (level 9, 0/79 HPs)
             Began as a Demonspawn Gladiator on Nov 13, 2022.
             Was a Priest of Makhleb.
             Slain by a catoblepas (5 damage)
             ... while petrified by a catoblepas
             ... in the Dungeon (Sprint IX: "|||||||||||||||||||||||||||||").
             The game lasted 00:02:34 (487 turns).

Pestilence the Fighter (Demonspawn Gladiator)        Turns: 487, Time: 00:02:35

Health: 0/79       AC: 21    Str: 30    XL:     9   Next: 31%
Magic:  0/12       EV:  2    Int:  9    God:    Makhleb [***...]
Gold:   0          SH:  0    Dex: 22    Spells: 8/8 levels left

rFire   . . .      SeeInvis .    m - +2 scimitar "Ygrub" {vorpal, rC- Str+8 Dex+4}
rCold   x . .      Faith    .    (no shield)
rNeg    + + +      Spirit   +    o - +1 chain mail
rPois   ∞          Reflect  .    (helmet restricted)
rElec   .          Harm     .    a - +0 cloak
rCorr   .          Rampage  .    n - +0 pair of gloves
Will    .....      NoTele   +    (no boots)
Stlth   ..........               (no amulet)
HPRegen 0.33/turn                p - +3 ring of dexterity
MPRegen 0.26/turn                q - +3 ring of strength

@: petrified, sanguine armoured
A: horns 2, magic shield, magic regeneration, sanguine armour 1
a: Renounce Religion, Minor Destruction, Lesser Servant of Makhleb


You were in the Dungeon.
You worshipped Makhleb.
Makhleb was most pleased with you.
You visited 1 branch

Inventory:

Hand Weapons
 m - the +2 scimitar "Ygrub" (weapon) {vorpal, rC- Str+8 Dex+4}
   (You found it in the Dungeon)

   It inflicts extra damage upon your enemies.
   Str:       It affects your strength (+8).
   Dex:       It affects your dexterity (+4).
   rC:        It makes you vulnerable to cold.
Missiles
 d - 3 throwing nets (quivered)
 e - a javelin
Armour
 a - a +0 cloak (worn)
 n - a +0 pair of gloves (worn)
 o - a +1 chain mail (worn)
Jewellery
 p - a +3 ring of dexterity (left hand)
 q - a +3 ring of strength (right hand)
Wands
 l - a wand of light (2)
Scrolls
 j - 2 scrolls of amnesia
 k - 2 scrolls of blinking
Potions
 c - a potion of invisibility
 f - 3 potions of curing
 h - a potion of haste
 i - 4 potions of magic


   Skills:
 + Level 10.9 Fighting
 + Level 10.2 Long Blades
 - Level 1.7 Throwing
 + Level 9.8 Armour
 + Level 10.2 Dodging
 + Level 5.1 Invocations


You had 8 spell levels left.
You didn't know any spells.
Your spell library was empty.

Dungeon Overview and Level Annotations

Branches:
Dungeon (1/1)

Altars:
Cheibriados
Dithmenos
Fedhas
Gozag
Hepliaklqana
Kikubaaqudgha
Makhleb
Nemelex Xobeh
Okawaru
Qazlal
Ru
Sif Muna
Trog
Uskayaw
Vehumet
Wu Jian
Xom
Yredelemnul
Jiyva
Lugonu


Innate Abilities, Weirdness & Mutations

You have a pair of horns on your head.
When hurt, damage is shared between your health and your magic reserves.
You regenerate magic rapidly.
When seriously injured, your blood forms armour. (AC +6)


Message History

Unknown command.
Unknown command.
Unknown command.
Unknown command.
You hit the catoblepas but do no damage.
You headbutt the catoblepas!
The catoblepas is almost dead.
The catoblepas gores you!!
* * * LOW HITPOINT WARNING * * *
You have turned to stone.
The catoblepas gores you but does no damage. x2
The catoblepas gores you!
* * * LOW HITPOINT WARNING * * *
The catoblepas gores you but does no damage. x2
The catoblepas gores you!
* * * LOW HITPOINT WARNING * * *
The catoblepas breathes a plume of calcifying dust at you.
The blast of calcifying dust hits you but does no damage.
You are engulfed in calcifying dust.
The catoblepas breathes a plume of calcifying dust at you.
The blast of calcifying dust hits you but does no damage.
You turn to flesh and can move again.
Unknown command.
You slash the catoblepas!
The catoblepas is almost dead.
You are engulfed in calcifying dust.
You are slowing down.
The catoblepas gores you!!
* * * LOW HITPOINT WARNING * * *
You feel better.
You are engulfed in calcifying dust.
Your limbs have turned to stone.
The catoblepas breathes in.
The catoblepas gores you!
* * * LOW HITPOINT WARNING * * *
The catoblepas closely misses you.
You have turned to stone.
You are engulfed in calcifying dust.
The catoblepas breathes a plume of calcifying dust at you.
The blast of calcifying dust hits you but does no damage.
You are engulfed in calcifying dust.
The catoblepas gores you!
You die... ▓▓▓▓▓▓▓▓▓▓▓▓▓▓▓▓▓▓▓▓▓▓▓▓▓▓ ......HcY@§))§.[....)..'__ ▓▓▓▓▓▓▓▓▓▓▓▓▓▓▓▓▓▓▓▓▓▓▓▓▓▓

You could see a catoblepas, a centaur warrior and a manticore.

Vanquished Creatures
  2 two-headed ogres (D)
  A skeletal warrior (D)
  An ugly thing (D)
  A kobold demonologist (D)
  A yak (D)
  An acid dragon (D)
  An orc warrior (D)
  An orc priest (D)
  A gnoll (D)
  An adder (D)
  An ufetubus (D)
  An orc (D)
  A goblin (D)
  A hobgoblin (D)
  A kobold (D)
  A quokka (D)
  2 rats (D)
19 creatures vanquished.

Notes
Turn   | Place    | Note
-------+----------+-------------------------------------------
     0 | D        | Pestilence the Demonspawn Gladiator began the quest for the
                  | Orb.
     0 | D        | Reached XP level 1. HP: 16/16 MP: 1/1
    10 | D        | Reached skill level 1 in Armour
   132 | D        | Gained mutation: When seriously injured, your blood forms
                  | armour. (AC +6) [demonic ancestry]
   132 | D        | Reached XP level 2. HP: 17/24 MP: 2/2
   139 | D        | Gained mutation: You have a pair of small horns on your
                  | head. [demonic ancestry]
   139 | D        | Reached XP level 3. HP: 10/29 MP: 3/3
   164 | D        | Found a snail-covered altar of Cheibriados.
   164 | D        | Found a shadowy altar of Dithmenos.
   164 | D        | Found a blossoming altar of Fedhas.
   164 | D        | Found an opulent altar of Gozag.
   165 | D        | Found a hazy altar of Hepliaklqana.
   166 | D        | Found a viscous altar of Jiyva.
   167 | D        | Found an ancient bone altar of Kikubaaqudgha.
   210 | D        | Found a corrupted altar of Lugonu.
   211 | D        | Found a burning altar of Makhleb.
   212 | D        | Found a sparkling altar of Nemelex Xobeh.
   213 | D        | Found an iron altar of Okawaru.
   214 | D        | Found a stormy altar of Qazlal.
   215 | D        | Found a sacrificial altar of Ru.
   216 | D        | Found a shimmering blue altar of Sif Muna.
   217 | D        | Found a bloodstained altar of Trog.
   218 | D        | Found a hide-covered altar of Uskayaw.
   219 | D        | Became a worshipper of Makhleb the Destroyer
   220 | D        | Found a radiant altar of Vehumet.
   221 | D        | Found an ornate altar of the Wu Jian Council.
   222 | D        | Found a shimmering altar of Xom.
   223 | D        | Found a basalt altar of Yredelemnul.
   241 | D        | Got the +2 scimitar "Ygrub" {vorpal, rC- Str+8 Dex+4}
   282 | D        | Noticed an orc warrior
   282 | D        | Noticed a yak
   282 | D        | Noticed a two-headed ogre
   282 | D        | Noticed a kobold demonologist
   282 | D        | Noticed a two-headed ogre
   286 | D        | Killed a two-headed ogre
   287 | D        | Gained mutation: You have a pair of horns on your head.
                  | [demonic ancestry]
   287 | D        | Reached XP level 4. HP: 40/44 MP: 4/4
   287 | D        | Reached XP level 5. HP: 44/49 MP: 5/5
   287 | D        | Gained mutation: You regenerate magic rapidly. [demonic
                  | ancestry]
   287 | D        | Reached XP level 6. HP: 51/56 MP: 6/6
   287 | D        | Reached XP level 7. HP: 56/62 MP: 7/7
   287 | D        | Killed a two-headed ogre
   287 | D        | Reached * piety under Makhleb
   288 | D        | Reached XP level 8. HP: 65/71 MP: 8/8
   290 | D        | Killed a kobold demonologist
   296 | D        | Reached skill level 10 in Fighting
   301 | D        | Reached ** piety under Makhleb
   413 | D        | Noticed a manticore
   413 | D        | Noticed a centaur warrior
   413 | D        | Noticed a catoblepas
   413 | D        | Noticed a brown ugly thing
   413 | D        | Noticed a skeletal warrior
   418 | D        | Reached skill level 1 in Invocations
   442 | D        | Killed a skeletal warrior
   443 | D        | Reached skill level 10 in Long Blades
   443 | D        | Reached skill level 10 in Dodging
   443 | D        | Gained mutation: When hurt, damage is shared between your
                  | health and your magic reserves. [demonic ancestry]
   443 | D        | Reached XP level 9. HP: 39/79 MP: 9/12
   461 | D        | Killed a brown ugly thing
   461 | D        | Reached *** piety under Makhleb
   462 | D        | Reached skill level 5 in Invocations
   487 | D        | Slain by a catoblepas

Illustrated notes

Levels and vault maps discovered:
D:        linesprint [early_d, line_temple, items_1, d_10, items_2, lair_1,
          lair_end, items_3, orc_1, orc_end, items_4, d_15, swamp_1, shoals_1,
          snake_1, spider_1, d_20, vaults_1, items_5, swamp_end, shoals_end,
          snake_end, spider_end, vaults_end, d_27, items_6, zot_1, zot_end,
          crypt_end, forest_end, elf_end, slime_end, tomb_end, abyss_end,
          pan_hell_end]

Skill      XL: |  1  2  3  4  5  6  7  8  9 |
---------------+----------------------------+-----
Long Blades    | 3 7 8 10 | 10.2
Dodging        | 3 7 8 10 | 10.2
Armour         | 1 2 7 8 9 |  9.8
Fighting       | 3 8 9 10 | 10.9
Invocations    | 4 5 |  5.1
Throwing       | |  1.7

Action                   |  1- 3 |  4- 6 |  7- 9 || total
-------------------------+-------+-------+-------++-------
Melee: Long sword        |    27 |       |       ||    27
       Punch             |     1 |       |     1 ||     2
       Scimitar          |       |       |    38 ||    38
       Headbutt          |       |       |    10 ||    10
Invok: Minor Destruction |       |       |     1 ||     1
Evoke: Wand              |     4 |       |     4 ||     8
  Use: Potion            |     2 |       |     4 ||     6
 Stab: Invisible         |       |       |     4 ||     4
       Petrified         |       |       |     3 ||     3
       Petrifying        |       |       |     1 ||     1
Armor: Leather armour    |     7 |       |       ||     7
       Chain mail        |       |       |    21 ||    21
Dodge: Dodged            |    15 |       |    21 ||    36

Table legend: (Time is in decaauts)
 A = Elapsed time spent in this place.
 B = Non-inter-level travel time spent in this place.
 C = Inter-level travel time spent in this place.
 D = Time resting spent in this place.
 E = Time spent auto-exploring this place.
 F = Levels seen in this place.
 G = Mean time per level.
                   A        B        C        D        E       F      G
               +--------+--------+--------+--------+--------+-----+--------+
         Total |    497 |    497 |      0 |    264 |      0 |   1 |  497.0 |
       Dungeon |    497 |    497 |      0 |    264 |      0 |   1 |  497.0 |
               +--------+--------+--------+--------+--------+-----+--------+

Top non-repeatable levels by time:
       D: 497 daAuts
